 Dungeon Crawl Stone Soup version 0.29.1-2-gbd0b4ee654 (webtiles) character file.

Game seed: 4667956310371672924

18 tizbic2 the Vexing (level 2, -1/14 HPs)
             Began as a Vine Stalker Arcane Marksman on Oct 26, 2022.
             Slain by a crimson imp (2 damage)
             ... summoned by Natasha
             ... on level 2 of the Dungeon.
             The game lasted 00:04:19 (1156 turns).

tizbic2 the Vexing (Vine Stalker Arcane Marksman)   Turns: 1156, Time: 00:04:19

Health: -1/14      AC:  4    Str: 18    XL:     2   Next: 66%
Magic:  0/5        EV: 12    Int: 19    God:
Gold:   46         SH:  0    Dex: 14    Spells: 3/4 levels left

rFire   . . .      SeeInvis .   e - +0 dagger (flame)
rCold   . . .      Faith    .   (no shield)
rNeg    . . .      Spirit   +   c - +0 robe
rPois   .          Reflect  .   f - +0 helmet
rElec   .          Harm     .   (no cloak)
rCorr   .          Rampage  .   j - +0 pair of gloves
Will    .....                   (no boots)
Stlth   +.........              (no amulet)
HPRegen 0.04/turn               d - +6 ring of intelligence
MPRegen 0.09/turn               k - +6 ring of strength

@: no status effects
A: fangs 2, magic shield, antimagic bite, no potion heal 2
a: no special abilities


You were on level 2 of the Dungeon.
You visited 1 branch of the dungeon, and saw 2 of its levels.

You collected 46 gold pieces.

Inventory:

Hand Weapons
 a - a +1 sling
 e - a +0 dagger of flaming (weapon)
 g - a +0 whip
Armour
 c - a +0 robe (worn)
 f - a +0 helmet (worn)
 j - a +0 pair of gloves (worn)
Jewellery
 d - a +6 ring of intelligence (left hand)
 k - a +6 ring of strength (right hand)
Scrolls
 b - a scroll of poison
 h - a scroll of identify
 i - a scroll of amnesia {unknown}
Potions
 l - a potion of curing {unknown}


   Skills:
 + Level 1.1 Fighting
 + Level 0.1 Short Blades
 * Level 2.1 Ranged Weapons
 - Level 1.5 Dodging
 * Level 1.7 Spellcasting
 + Level 3.1 Hexes


You had 3 spell levels left.
You knew the following spells:

 Your Spells              Type           Power      Damage    Failure   Level
a - Slow                  Hex            52%        N/A       4%          1

Your spell library contained the following spells:

 Spells                   Type           Power      Damage    Failure   Level
 Inner Flame              Hex/Fire       7%         N/A       26%         3
 Portal Projectile        Hex/Tloc       14%        N/A       26%         3
 Cause Fear               Hex            6%         N/A       43%         4


Dungeon Overview and Level Annotations

Branches:
Dungeon (2/15)

Altars:

Annotations:
D:2 Natasha


Innate Abilities, Weirdness & Mutations

You have extremely sharp teeth.
When hurt, damage is shared between your health and your magic reserves.
Your bite disrupts and absorbs the magic of your enemies.
Potions cannot restore your health.


Message History

Natasha is heavily wounded.
Natasha casts a spell.
Fire: a) +1 sling
Press: ? - help, Q - select action, (/) - cycle Shift-Dir - straight line, f/p - Natasha
Aim: Natasha (heavily wounded, 50% to hit)
You shoot a sling bullet.
The sling bullet closely misses Natasha.
The sling bullet hits the crimson imp.
The crimson imp is lightly wounded.
Fire: a) +1 sling
Press: ? - help, Q - select action, (/) - cycle Shift-Dir - straight line, f/p - Natasha
Aim: Natasha (heavily wounded, 50% to hit)
You shoot a sling bullet.
The sling bullet closely misses Natasha.
The sling bullet closely misses the crimson imp.
Fire: a) +1 sling
Press: ? - help, Q - select action, (/) - cycle Shift-Dir - straight line, f/p - Natasha
Aim: Natasha (heavily wounded, 50% to hit)
You shoot a sling bullet. The sling bullet hits Natasha.
Natasha is severely wounded.
Natasha casts a spell.
Fire: a) +1 sling
Press: ? - help, Q - select action, (/) - cycle Shift-Dir - straight line, f/p - Natasha
Aim: Natasha (severely wounded, 50% to hit)
Okay, then.
Your +0 dagger of flaming bursts into flame!
e - a +0 dagger of flaming (weapon)
You hit the crimson imp.
The crimson imp is lightly wounded.
The crimson imp hits you.
* * * LOW HITPOINT WARNING * * *
You hit the crimson imp but do no damage.
Your bite misses the crimson imp.
The crimson imp is lightly wounded.
The crimson imp closely misses you.
You miss the crimson imp.
The crimson imp is lightly wounded.
The crimson imp disappears for a moment.
The crimson imp hits you.
You die...

#.######.#......
#.# #...○○.....
#.# #....☼....
#.# #..###§..###
#.# #...○°§...°#
#.# #)####§☼.#°#
☼ #.# #.# ##§##°#
§§§ #.#
#.####○☼§#§#5§°°§
#.#
#.§§☼○○§§@5h5○☼☼§
#.#
##☼☼##○°°#°#§§○°§
#.# #..###°##○#
§§○ #.# #..# #°#
§# § #.# #..# #.#
§# #.# #... ...
§#
..########.###.#
§# .........#.#
#.# §# .#######.


You could see Natasha, 2 crimson imps and a white imp (summoned).

Vanquished Creatures
  4 endoplasms
  A giant cockroach (D:1)
  3 goblins
  A quokka (D:1)
  A ball python (D:2)
  A bat (D:1)
  4 kobolds
  A rat (D:1)
16 creatures vanquished.

Notes
Turn   | Place    | Note
-------+----------+-------------------------------------------
     0 | D:1      | tizbic2 the Vine Stalker Arcane Marksman began the quest
                  | for the Orb.
     0 | D:1      | Reached XP level 1. HP: 9/9 MP: 3/3
   287 | D:1      | Reached skill level 1 in Fighting
   550 | D:1      | Found a faded altar of an unknown god.
   622 | D:1      | Reached XP level 2. HP: 14/14 MP: 5/5
  1141 | D:2      | Noticed Natasha
  1145 | D:2      | Noticed a crimson imp
  1153 | D:2      | Noticed a crimson imp
  1156 | D:2      | Slain by a crimson imp

Illustrated notes

Levels and vault maps discovered:
D:1:      dpeg_arrival_simpleton_c, layout_loops_ring,
          shapermc_ecumenical_altar_hornbeckon
D:2:      layout_loops_ring, uniq_robin, uniq_natasha, uniq_sigmund,
          uniq_terence

Skill      XL: |  1 |
---------------+----+-----
Fighting       | 1 |  1.1
Ranged Weapons | 2 |  2.1
Short Blades   | |  0.1
Dodging        | |  1.5
Spellcasting   | |  1.7
Hexes          | |  3.1

Action                   || total
-------------------------++-------
Melee: Dagger            ||    13
       Bite              ||     4
 Fire: Sling             ||    42
  Use: Scroll            ||     2
Armor: Robe              ||     3
Dodge: Dodged            ||    11
